 Dungeon Sprint DCSS version 0.27-a0-1532-gca18f49f40 (webtiles) character file.

Game seed: 9723172453320840802

5246549 mhtbhm the Minotaur Barricade (level 23, 240/240 HPs)
             Began as a Minotaur Fighter on July 12, 2021.
             Was the Champion of Qazlal.
             Escaped with the Orb
             ... and 3 runes on July 13, 2021!
             The game lasted 00:46:36 (12456 turns).

mhtbhm the Minotaur Barricade (Minotaur Fighter)   Turns: 12456, Time: 00:46:36

Health: 240/240    AC: 58    Str: 53    XL:     23   Next: 24%
Magic:  52/52      EV: 14    Int: 15    God:    Qazlal [******]
Gold:   429        SH: 48    Dex:  5    Spells: 74/74 levels left

rFire    + . .     SeeInvis +   j - +8 morningstar (holy)
rCold    + + .     Faith    .   c - +3 tower shield {AC+3}
rNeg     + . .     Spirit   .   b - +14 gold dragon scales
rPois    +         Reflect  +   F - +1 hat
rElec    +         Harm     .   S - +2 cloak "Daureug" {Str+3 Slay+3}
rCorr    .         Rampage  ∞   u - +2 pair of gloves {Str+3}
Will     +++..     NoTele   +   P - +3 pair of seven-league boots {Rampage+∞}
Stlth    ..........             R - amulet "Wadiopn" {Reflect rC+ Str+3 SH+5}
HPRegen  0.50/turn              C - ring "Evecs" {*Slow rElec rN+ Str+6 Int+4}
MPRegen  0.33/turn              Q - ring of Awe {Will++ Str+8 Int+6 Dex-4 SInv}

@: studying Translocations, repel missiles
A: horns 2, retaliatory headbutt, clumsy 1
0: Orb of Zot
}: 3/3 runes: silver, golden, iron
a: Renounce Religion, Upheaval, Elemental Force, Disaster Area


You escaped.
You worshipped Qazlal.
Qazlal was exalted by your worship.
You visited 1 branch You collected 429 gold pieces.

Inventory:

Hand Weapons
 a - a +11 broad axe of pain
 j - a +8 morningstar of holy wrath (weapon)
 o - a +3 double sword of holy wrath
Missiles
 z - 2 throwing nets
Armour
 b - +14 gold dragon scales (worn)
 c - a +3 tower shield of protection (worn)
 r - the +4 dragonskin cloak
   (You took it off Tiamat in the Dungeon)
 u - a +2 pair of gloves of strength (worn)
 F - a +1 hat (worn)
 P - the +3 pair of seven-league boots (worn) {Rampage+∞}
   (You found it in the Dungeon)
 S - the +2 cloak "Daureug" (worn) {Str+3 Slay+3}
   (You found it in the Dungeon)

   Str:       It affects your strength (+3).
   Slay:      It affects your accuracy & damage with ranged weapons and melee
   (+3).
Jewellery
 d - the ring of Xakhlu {Fire Fly rElec rN+ Int+7}
   (You found it in the Dungeon)

   [ring of fire]

   It enhances your fire magic.
   Int:       It affects your intelligence (+7).
   rF:        It protects you from fire.
   rC:        It makes you vulnerable to cold.
   rElec:     It insulates you from electricity.
   rN:        It protects you from negative energy.
   Fly:       It grants you flight.
 s - the amulet of the Lost Continents {rElec Regen+}
   (You found it in the Dungeon)

   [amulet of regeneration]

   rElec:     It insulates you from electricity.
   Regen:     It increases your rate of health regeneration.
 y - the ring "Plog" {rN+ Dex+6}
   (You found it in the Dungeon)

   [ring of dexterity]

   Dex:       It affects your dexterity (+6).
   rN:        It protects you from negative energy.
 B - the ring of Summer {rElec rN+ Str+2 Slay+3}
   (You found it in the Dungeon)

   [ring of positive energy]

   Str:       It affects your strength (+2).
   Slay:      It affects your accuracy & damage with ranged weapons and melee
   (+3).
   rElec:     It insulates you from electricity.
   rN:        It protects you from negative energy.
 C - the ring "Evecs" (left hand) {*Slow rElec rN+ Str+6 Int+4}
   (You found it in the Dungeon)

   [ring of strength]

   Str:       It affects your strength (+6).
   Int:       It affects your intelligence (+4).
   rElec:     It insulates you from electricity.
   rN:        It protects you from negative energy.
   *Slow:     It may slow you when you take damage.
 E - the ring "Funakan" {Ice rPois}
   (You found it in the Dungeon)

   [ring of ice]

   It enhances your ice magic.
   rF:        It makes you vulnerable to fire.
   rC:        It protects you from cold.
   rPois:     It protects you from poison.
 G - the ring of Biolei {Fly MP+9}
   (You found it in the Dungeon)

   [ring of flight]

   MP:        It affects your magic capacity (+9).
   Fly:       It grants you flight.
 I - the ring "Hohipp" {Will+ MP+9 Str+3 Int-5 SInv}
   (You found it in the Dungeon)

   [ring of see invisible]

   Str:       It affects your strength (+3).
   Int:       It affects your intelligence (-5).
   MP:        It affects your magic capacity (+9).
   SInv:      It lets you see invisible.
   Will:      It increases your willpower.
 L - the amulet "Heint" {rPois Will+ Regen+ rCorr Stlth+}
   (You found it in the Dungeon)

   [amulet of regeneration]

   rPois:     It protects you from poison.
   Regen:     It increases your rate of health regeneration.
   rCorr:     It protects you from acid and corrosion.
   Will:      It increases your willpower.
   Stlth:     It makes you more stealthy.
 M - the ring "Epraghooce" {*Slow rN+ Str+4 Dex+3}
   (You found it in the Dungeon)

   [ring of positive energy]

   Str:       It affects your strength (+4).
   Dex:       It affects your dexterity (+3).
   rN:        It protects you from negative energy.
   *Slow:     It may slow you when you take damage.
 N - the amulet of Hurueqirr {Faith rF+ rC+}
   (You found it in the Dungeon)

   [amulet of faith]

   It allows you to gain divine favour quickly.
   rF:        It protects you from fire.
   rC:        It protects you from cold.
 O - the amulet "Bokk" {Spirit rElec rF- Regen+ Stlth+}
   (You found it in the Dungeon)

   [amulet of guardian spirit]

   It causes incoming damage to be divided between your reserves of health and
   magic.
   rF:        It makes you vulnerable to fire.
   rElec:     It insulates you from electricity.
   Regen:     It increases your rate of health regeneration.
   Stlth:     It makes you more stealthy.
 Q - the ring of Awe (right hand) {Will++ Str+8 Int+6 Dex-4 SInv}
   (You found it in the Dungeon)

   [ring of intelligence]

   Str:       It affects your strength (+8).
   Int:       It affects your intelligence (+6).
   Dex:       It affects your dexterity (-4).
   SInv:      It lets you see invisible.
   Will:      It greatly increases your willpower.
 R - the amulet "Wadiopn" (around neck) {Reflect rC+ Str+3 SH+5}
   (You found it in the Dungeon)

   [amulet of reflection]

   It reflects blocked missile attacks.
   Str:       It affects your strength (+3).
   rC:        It protects you from cold.
   SH:        It affects your SH (+5).
 U - the ring "Doilecu" {rElec rF- rC+ AC+6}
   (You found it in the Dungeon)

   [ring of protection]

   AC:        It affects your AC (+6).
   rF:        It makes you vulnerable to fire.
   rC:        It protects you from cold.
   rElec:     It insulates you from electricity.
Wands
 i - a wand of iceblast (1)
Scrolls
 l - 5 scrolls of amnesia
 m - 7 scrolls of identify
 n - 5 scrolls of fog
 v - 3 scrolls of fear
 w - 3 scrolls of blinking
 D - a scroll of holy word
 H - a scroll of immolation
Potions
 e - 9 potions of curing
 f - 5 potions of heal wounds
 g - 4 potions of haste
 h - 12 potions of magic
 k - 3 potions of invisibility
 p - a potion of ambrosia
 q - 9 potions of mutation
 x - 5 potions of brilliance
 A - a potion of resistance
 T - a potion of degeneration {unknown}
Miscellaneous
 t - a piece from Xom's chessboard (15/15) (quivered)
 J - a tin of tremorstones (2/2)
 K - a phantom mirror


   Skills:
 O Level 27 Fighting
 - Level 4.9(17.9) Short Blades
 O Level 27 Long Blades
 O Level 27 Axes
 O Level 27 Maces & Flails
 - Level 5.0 Slings
 - Level 5.0 Bows
 - Level 5.0 Crossbows
 O Level 27 Armour
 O Level 27 Dodging
 - Level 12.8 Stealth
 O Level 27 Shields
 * Level 26.4 Spellcasting
 + Level 3.3 Conjurations
 - Level 3.0 Hexes
 + Level 4.4 Summonings
 O Level 27 Necromancy
 + Level 5.7 Translocations
 + Level 4.3 Transmutations
 + Level 4.5 Fire Magic
 + Level 4.6 Ice Magic
 + Level 4.5 Air Magic
 + Level 5.0 Earth Magic
 + Level 4.4 Poison Magic
 O Level 27 Invocations
 + Level 22.3 Evocations


You had 74 spell levels left.
You didn't know any spells.
Your spell library contained the following spells:

 Spells                   Type           Power      Damage    Failure   Level
 Pain                     Necr           100%       1d9       0%          1
 Sublimation of Blood     Necr           39%        N/A       0%          2
 Vampiric Draining        Necr           39%        2d11      0%          3
 Corona                   Hex            32%        N/A       1%          1
 Sting                    Tmut/Pois      100%       1d8       1%          1
 Ensorcelled Hibernation  Hex/Ice        62%        N/A       1%          2
 Passwall                 Tmut/Erth      27%        N/A       1%          2
 Static Discharge         Conj/Air       31%        N/A       1%          2
 Borgnjor's Vile Clutch   Necr/Erth      30%        N/A       1%          5
 Simulacrum               Ice/Necr       30%        N/A       1%          6
 Ignite Poison            Fire/Tmut/Pois 33%        N/A       2%          3
 Mephitic Cloud           Conj/Pois/Air  32%        N/A       2%          3
 Spider Form              Tmut/Pois      16%        N/A       2%          3
 Stone Arrow              Conj/Erth      64%        3d11      2%          3
 Summon Guardian Golem    Hex/Summ       31%        N/A       3%          3
 Passage of Golubria      Tloc           N/A        N/A       4%          4
 Haunt                    Necr/Summ      30%        N/A       6%          7
 Animate Armour           Summ/Erth      68%        N/A       7%          4
 Petrify                  Tmut/Erth      33%        N/A       7%          4
 Airstrike                Air            16%        N/A       8%          4
 Summon Ice Beast         Ice/Summ       33%        N/A       8%          4
 Summon Lightning Spire   Summ/Air       33%        N/A       8%          4
 Leda's Liquefaction      Hex/Erth       15%        N/A       9%          4
 Sticky Flame             Conj/Fire      31%        2d5       10%         4
 Cause Fear               Hex            14%        N/A       13%         4
 Blade Hands              Tmut           16%        N/A       22%         5
 Bolt of Magma            Conj/Fire/Erth 16%        4d9       22%         5
 Freezing Cloud           Conj/Ice/Air   16%        6-21      24%         5
 Fireball                 Conj/Fire      15%        3d8       26%         5
 Irradiate                Conj/Tmut      15%        3d18      26%         5
 Lightning Bolt           Conj/Air       15%        1d29      26%         5
 Silence                  Hex/Air        15%        N/A       28%         5
 Summon Mana Viper        Hex/Summ       31%        N/A       28%         5
 Yara's Violent Unravell  Hex/Tmut       15%        3d8       28%         5
 Iskenderun's Battlesphe  Conj           29%        2d8       32%         5
 Eringya's Noxious Bog    Tmut/Pois      16%        N/A       75%         6
 Shadow Creatures         Summ           N/A        N/A       75%         6
 Conjure Ball Lightning   Conj/Air       15%        3x3d6     82%         6
 Dragon Form              Tmut           16%        N/A       100%        7
 Orb of Destruction       Conj           14%        9d7       100%        7
 Spellforged Servitor     Conj/Summ      15%        N/A       100%        7
 Summon Hydra             Summ           16%        N/A       100%        7
 Lehudib's Crystal Spear  Conj/Erth      16%        10d5      100%        8
 Chain Lightning          Conj/Air       15%        3d20      100%        9
 Dragon's Call            Summ           16%        N/A       100%        9
 Polar Vortex             Ice            16%        N/A       100%        9
 Shatter                  Erth           17%        3d16*     100%        9


Dungeon Overview and Level Annotations

Branches:
Dungeon (1/1)

Altars:
Ashenzari
Cheibriados
Dithmenos
Elyvilon
Fedhas
Gozag
Hepliaklqana
Kikubaaqudgha
Makhleb
Nemelex Xobeh
Okawaru
Qazlal
Ru
Sif Muna
Trog
Uskayaw
Vehumet
Wu Jian
Xom
Yredelemnul
Zin
The Shining One
Beogh
Jiyva
Lugonu


Innate Abilities, Weirdness & Mutations

You have a pair of horns on your head.
You reflexively headbutt those who attack you in melee.
You are clumsy. (Dex -2)


Message History

You feel yourself speed up.
You see here the +4 staff of Dispater.
There is an open gate to the Vestibule (Extremely Hard), spattered with blood here.
There is a huge open gate leading to the Armoury (Hard) here.
There is a huge open gate to the Main Hall (Safe) here.
Your extra speed is starting to run out.
You feel yourself slow down.
A sun demon comes into view.
The sun demon shouts!
There is a huge open gate here.
There is a huge open gate leading to the Armoury (Hard) here.
You bludgeon the sun demon!!
The sun demon convulses.
The sun demon is moderately wounded.
You block the sun demon's attack.
You hit the sun demon.
The sun demon convulses.
The sun demon is heavily wounded.
You block the sun demon's attack.
You hit the sun demon.
The sun demon convulses.
Your headbutt misses the sun demon.
The sun demon is severely wounded.
You block the sun demon's attack.
A toenail golem comes into view.
You stick the sun demon like a pincushion!!!
You kill the sun demon!
Qazlal accepts your kill.
There is a huge open gate here.
You flatten the toenail golem like a pancake!!!
You destroy the toenail golem!
Qazlal accepts your kill.
No target in view!
No target in view!
No target in view!
No target in view!
There is a huge open gate leading to the Armoury (Hard) here.
There is a huge open gate to the Metal Vault (Medium) here.
You see here a +4 scimitar of flaming.
There is a huge open gate to the Metal Vault (Medium) here.
There is an open door to the Entrance Hall (Safe) here.
There is a staircase leading out of the dungeon here.
You have escaped!

##########.##................''..
#..........)'................''..
#'#####'#####......#..#......##..
#.#..#).#..##................##..
#.#..)..#))#####'#####')#########
#.#..####))##.......##''# ##### *
#.#..#..#)[##.§§....##..###...###
#.#..#..#.[##..§§°..##...##...##.
#.##'#..#'###.°.@.°.###...##'##..
#.#.)......##.....☼.# ##)..).....
#.#........##.......###..###[###.
#)###########.......##..##..)..##
#.......#..###########..'.......'
#.......#.############..##.....##
#...#...#.#....#....###..###'###.
#..###..#)#†...#..[[# ##.........
#...#...#.'....'..))#*#...##'##..


There were no monsters in sight!

Vanquished Creatures
  Asmodeus (D)
  Ereshkigal (D)
  Dissolution (D)
  Gloorx Vloq (D)
  Lom Lobon (D)
  Dispater (D)
  Khufu (D)
  Tiamat (D)
  5 ancient liches (D)
  4 pandemonium lords (D)
  2 orbs of fire (D)
  Mennas (D)
  Boris (D)
  7 royal mummies (D)
  the Lernaean hydra (D)
  2 Killer Klowns (D)
  Frederick (D)
  Margery (D)
  Saint Roka (D)
  4 curse toes (D)
  A golden dragon (D)
  Nikola (D)
  Jory (D)
  5 pearl dragons (D)
  2 Tzitzimimeh (D)
  4 Brimstone Fiends (D)
  2 hellephants (D)
  A tentacled monstrosity (D)
  25 Orb Guardians (D)
  5 Ice Fiends (D)
  6 Hell Sentinels (D)
  4 liches (D)
  2 quicksilver dragons (D)
  18 titans (D)
  2 deep elf blademasters (D)
  2 deep elf master archers (D)
  3 acid blobs (D)
  4 shadow dragons (D)
  3 sphinxes (D)
  Agnes (D)
  2 draconian monks (D)
  3 storm dragons (D)
  4 nagarajas (D)
  4 rockslimes (D)
  13 frost giants (D)
  10 fire giants (D)
  3 daevas (D)
  3 iron dragons (D)
  2 draconian knights (D)
  3 ghost moths (D)
  A draconian shifter (D)
  2 emperor scorpions (D)
  3 balrugs (D)
  4 draconian scorchers (D)
  4 deep elf sorcerers (D)
  2 angels (D)
  3 orc warlords (D)
  A draconian stormcaller (D)
  2 cacodemons (D)
  Louise (D)
  A draconian annihilator (D)
  2 reapers (D)
  22 stone giants (D)
  A war gargoyle (D)
  2 spriggan defenders (D)
  A deep elf annihilator (D)
  A deep elf demonologist (D)
  2 green draconians (D)
  A purple draconian (D)
  A bunyip (shapeshifter) (D)
  2 red draconians (D)
  5 white draconians (D)
  3 black draconians (D)
  A yellow draconian (D)
  A blizzard demon (D)
  A dire elephant (D)
  An eidolon (D)
  20 ettins (D)
  4 green deaths (D)
  A merfolk impaler (D)
  A mummy priest (D)
  A yaktaur captain (D)
  2 great orbs of eyes (D)
  A deep elf high priest (D)
  2 ice dragons (D)
  5 naga warriors (D)
  A hydra (D)
  2 spriggan air magi (D)
  3 vault guards (D)
  A centaur warrior (D)
  4 ogre magi (D)
  A merfolk avatar (D)
  An alligator snapping turtle (D)
  3 death knights (D)
  An alligator (D)
  5 two-headed ogres (D)
  An anaconda (D)
  3 deep troll shamans (D)
  A catoblepas (D)
  4 hell hogs (D)
  A merfolk aquamancer (D)
  A death yak (D)
  An orc high priest (D)
  5 hell knights (D)
  3 sun demons (D)
  2 vampire magi (D)
  3 deep elf knights (D)
  A spriggan berserker (D)
  A shadow wraith (D)
  2 soul eaters (D)
  17 iron trolls (D)
  A fire crab (D)
  3 bog bodies (D)
  A flayed ghost (D)
  A cherub (D)
  14 deep trolls (D)
  2 wizards (D)
  8 orc knights (D)
  5 harpies (D)
  2 deep elf pyromancers (D)
  2 large abominations (D)
  21 cyclopes (D)
  3 rust devils (D)
  Maurice (D)
  A toenail golem (D)
  A black mamba (D)
  A naga mage (D)
  2 guardian serpents (D)
  2 orange demons (D)
  A smoke demon (D)
  A gargoyle (D)
  A hellion (D)
  A demonic crawler (D)
  2 ice devils (D)
  A freezing wraith (D)
  A guardian mummy (D)
  2 rime drakes (D)
  A tormentor (D)
  2 efreet (D)
  5 yaktaurs (D)
  A red devil (D)
  A wandering mushroom (D)
  2 merfolk (D)
  A wind drake (D)
  A jumping spider (D)
  8 trolls (D)
  A hornet (D)
  9 dream sheep (D)
  3 redbacks (D)
  4 water elementals (D)
  A ynoxinul (D)
  A tarantella (D)
  A wraith (D)
  9 yaks (D)
  A vampire (D)
  A fire bat (D)
  A basilisk (D)
  A golden eye (D)
  A chaos spawn (D)
  3 vampire mosquitoes (D)
  A naga (D)
  A warg (D)
  A swamp worm (shapeshifter) (D)
  2 acid dragons (D)
  A water moccasin (D)
  A floating eye (shapeshifter) (D)
  3 small abominations (D)
  A floating eye (D)
  4 orc warriors (D)
  2 ice beasts (D)
  A swamp drake (D)
  8 ogres (D)
  A wolf (D)
  2 centaurs (D)
  2 scorpions (D)
  3 crimson imps (D)
  A quasit (D)
  3 orc priests (D)
  Crazy Yiuf (D)
  A gnoll shaman (D)
  An iron imp (D)
  6 gnolls (D)
  3 adders (D)
  A river rat (D)
  An ufetubus (D)
  An adder skeleton (D)
  19 orcs (D)
  An endoplasm (D)
  2 goblins (D)
  A ball python skeleton (D)
  A frilled lizard (D)
  2 kobolds (D)
  A quokka simulacrum (D)
  A quokka skeleton (D)
  A quokka zombie (D)
  A rat (D)
  3 ball lightnings (D)
  2 fire vortices (D)
581 creatures vanquished.

Vanquished Creatures (collateral kills)
  2 orcs (D)
2 creatures vanquished.

Vanquished Creatures (others)
  An Orb Guardian (D)
  A tormentor (D)
  An orc wizard (D)
  2 ball lightnings (D)
5 creatures vanquished.

Grand Total: 588 creatures vanquished

Notes
Turn   | Place    | Note
-------+----------+-------------------------------------------
     0 | D        | mhtbhm the Minotaur Fighter began the quest for the Orb.
     0 | D        | Reached XP level 1. HP: 19/19 MP: 0/0
    23 | D        | Found a bloodstained altar of Trog.
    23 | D        | Found a shimmering blue altar of Sif Muna.
    23 | D        | Found a viscous altar of Jiyva.
    23 | D        | Found a hazy altar of Hepliaklqana.
    23 | D        | Found an opulent altar of Gozag.
    24 | D        | Found a glowing golden altar of the Shining One.
    24 | D        | Found a glowing silver altar of Zin.
    24 | D        | Found a basalt altar of Yredelemnul.
    24 | D        | Found a shimmering altar of Xom.
    24 | D        | Found an ornate altar of the Wu Jian Council.
    24 | D        | Found a sacrificial altar of Ru.
    24 | D        | Found a stormy altar of Qazlal.
    24 | D        | Found an iron altar of Okawaru.
    24 | D        | Found a sparkling altar of Nemelex Xobeh.
    24 | D        | Found a burning altar of Makhleb.
    24 | D        | Found a blossoming altar of Fedhas.
    24 | D        | Found a white marble altar of Elyvilon.
    24 | D        | Found a shadowy altar of Dithmenos.
    24 | D        | Found a snail-covered altar of Cheibriados.
    26 | D        | Found a radiant altar of Vehumet.
    26 | D        | Found a corrupted altar of Lugonu.
    27 | D        | Found a hide-covered altar of Uskayaw.
    27 | D        | Found an ancient bone altar of Kikubaaqudgha.
    27 | D        | Found a broken altar of Ashenzari.
    35 | D        | Became a worshipper of Qazlal Stormbringer
    77 | D        | Reached XP level 2. HP: 27/28 MP: 1/1
    88 | D        | Reached * piety under Qazlal
    92 | D        | Reached skill level 5 in Fighting
    92 | D        | Reached skill level 5 in Armour
    92 | D        | Reached skill level 5 in Shields
    94 | D        | Reached XP level 3. HP: 30/36 MP: 2/2
   146 | D        | Noticed a scorpion
   159 | D        | Reached ** piety under Qazlal
   167 | D        | Killed a scorpion
   168 | D        | Reached skill level 1 in Dodging
   168 | D        | Reached XP level 4. HP: 12/45 MP: 3/3
   390 | D        | Noticed a scorpion
   391 | D        | Noticed an ice beast
   391 | D        | Noticed an ogre
   398 | D        | Killed a scorpion
   398 | D        | Reached *** piety under Qazlal
   399 | D        | Reached skill level 5 in Axes
   399 | D        | Reached XP level 5. HP: 47/53 MP: 4/4
   412 | D        | Killed an ice beast
   413 | D        | Reached XP level 6. HP: 58/62 MP: 5/5
   431 | D        | Reached **** piety under Qazlal
   433 | D        | Reached skill level 10 in Shields
   560 | D        | Reached XP level 7. HP: 70/70 MP: 6/6
   562 | D        | Noticed Crazy Yiuf
   567 | D        | Reached ***** piety under Qazlal
   575 | D        | Killed Crazy Yiuf
   728 | D        | Noticed an orange demon
   739 | D        | Killed an orange demon
   740 | D        | Reached skill level 10 in Fighting
   740 | D        | Reached skill level 10 in Axes
   740 | D        | Reached skill level 10 in Armour
   742 | D        | Reached XP level 8. HP: 36/79 MP: 7/7
   981 | D        | Noticed an efreet
   990 | D        | Killed an efreet
   997 | D        | Reached ****** piety under Qazlal
   998 | D        | Noticed a dream sheep
   998 | D        | Noticed a dream sheep
   999 | D        | Noticed a dream sheep
  1002 | D        | Noticed a dream sheep
  1007 | D        | Noticed a dream sheep
  1010 | D        | Killed a dream sheep
  1010 | D        | Noticed Maurice
  1012 | D        | Reached skill level 5 in Dodging
  1015 | D        | Killed a dream sheep
  1021 | D        | Killed a dream sheep
  1022 | D        | Noticed a bog body
  1022 | D        | Killed a dream sheep
  1023 | D        | Reached XP level 9. HP: 66/89 MP: 8/8
  1030 | D        | Killed a bog body
  1035 | D        | Killed Maurice
  1062 | D        | Noticed a smoke demon
  1066 | D        | Killed a smoke demon
  1067 | D        | Reached skill level 15 in Shields
  1087 | D        | Noticed a six-headed hydra
  1100 | D        | Killed a ten-headed hydra
  1101 | D        | Reached skill level 15 in Axes
  1101 | D        | Reached XP level 10. HP: 44/97 MP: 8/11
  1203 | D        | Noticed a flayed ghost
  1214 | D        | Reached skill level 1 in Evocations
  1216 | D        | Killed a flayed ghost
  1350 | D        | Noticed a deep elf pyromancer
  1360 | D        | Killed a deep elf pyromancer
  1458 | D        | Reached skill level 5 in Invocations
  1568 | D        | Noticed a bog body
  1573 | D        | Killed a bog body
  1593 | D        | Noticed Saint Roka
  1613 | D        | Reached XP level 11. HP: 68/107 MP: 1/14
  1638 | D        | Killed Saint Roka
  1988 | D        | Noticed a harpy
  1990 | D        | Noticed a harpy
  1990 | D        | Noticed a harpy
  1990 | D        | Noticed a harpy
  1995 | D        | Killed a harpy
  1997 | D        | Killed a harpy
  2000 | D        | Killed a harpy
  2001 | D        | Killed a harpy
  2001 | D        | Noticed a harpy
  2007 | D        | Killed a harpy
  2013 | D        | Reached XP level 12. HP: 116/118 MP: 18/18
  2045 | D        | Reached skill level 15 in Fighting
  2045 | D        | Reached skill level 10 in Invocations
  2093 | D        | Noticed an orc high priest
  2097 | D        | Killed an orc high priest
  2170 | D        | Noticed a death yak
  2170 | D        | Noticed a great orb of eyes
  2170 | D        | Identified the +4 halberd of Discord {freeze, *Slow rF+
                  | rN+}
  2170 | D        | Noticed a naga warrior
  2170 | D        | Noticed a shadow dragon
  2170 | D        | Noticed Agnes
  2171 | D        | Noticed a white draconian shifter
  2175 | D        | Noticed a catoblepas
  2180 | D        | Killed a death yak
  2182 | D        | Killed a white draconian shifter
  2193 | D        | Killed a shadow dragon
  2197 | D        | Killed a great orb of eyes
  2197 | D        | Noticed an eidolon
  2200 | D        | Killed an eidolon
  2203 | D        | Killed Agnes
  2211 | D        | Noticed a merfolk impaler
  2212 | D        | Reached skill level 5 in Stealth
  2219 | D        | Killed a merfolk impaler
  2224 | D        | Noticed a naga warrior
  2226 | D        | Noticed a death knight
  2234 | D        | Reached XP level 13. HP: 83/130 MP: 12/21
  2235 | D        | Identified the +8 whip of Infinite Pain {flame, Int+4}
  2543 | D        | Got the ring "Soicima" {Str+6 Dex+3}
  2685 | D        | Noticed an Ice Fiend
  2703 | D        | Killed an Ice Fiend
  2994 | D        | Noticed the 27-headed Lernaean hydra
  3010 | D        | Killed the 27-headed Lernaean hydra
  3252 | D        | Noticed an orc warlord
  3252 | D        | Noticed an orc warlord
  3264 | D        | Reached skill level 10 in Stealth
  3265 | D        | Noticed a balrug
  3268 | D        | Killed an orc warlord
  3268 | D        | Killed an orc warlord
  3269 | D        | Reached skill level 15 in Invocations
  3269 | D        | Killed a balrug
  3270 | D        | Reached skill level 15 in Armour
  3270 | D        | Reached XP level 14. HP: 84/143 MP: 2/25
  3644 | D        | Noticed a royal mummy
  3657 | D        | Killed a royal mummy
  4011 | D        | Noticed a shadow dragon
  4031 | D        | Killed a shadow dragon
  4245 | D        | Noticed a cacodemon
  4252 | D        | Killed a cacodemon
  4310 | D        | Noticed a storm dragon
  4324 | D        | Killed a storm dragon
  4405 | D        | Noticed an acid blob
  4405 | D        | Found the +4 dragonskin cloak
  4405 | D        | Noticed Tiamat
  4406 | D        | Killed an acid blob
  4433 | D        | Killed Tiamat
  4434 | D        | Reached XP level 15. HP: 57/155 MP: 14/27
  4722 | D        | Noticed a Hell Sentinel
  4739 | D        | Killed a Hell Sentinel
  4740 | D        | Reached skill level 1 in Maces & Flails
  4969 | D        | Noticed an Ice Fiend
  4975 | D        | Killed an Ice Fiend
  5230 | D        | Noticed Fatzy the pandemonium lord
  5235 | D        | Paralysed by Fatzy for 6 turns
  5245 | D        | Killed Fatzy the pandemonium lord
  5489 | D        | Noticed Nikola
  5511 | D        | Killed Nikola
  5848 | D        | Noticed a titan
  5859 | D        | Killed a titan
  5860 | D        | Reached skill level 5 in Maces & Flails
  5877 | D        | Noticed a Hell Sentinel
  5894 | D        | Killed a Hell Sentinel
  6028 | D        | Noticed a frost giant
  6028 | D        | Noticed a deep elf sorcerer
  6029 | D        | Noticed a lich
  6030 | D        | Noticed a red draconian monk
  6030 | D        | Noticed a green draconian scorcher
  6031 | D        | Killed a deep elf sorcerer
  6031 | D        | Killed a sphinx
  6031 | D        | Noticed a deep elf sorcerer
  6032 | D        | Killed a lich
  6032 | D        | Killed a green draconian scorcher
  6032 | D        | Killed a deep elf sorcerer
  6032 | D        | Killed a deep elf sorcerer
  6032 | D        | Noticed a green draconian scorcher
  6036 | D        | Killed a frost giant
  6039 | D        | Noticed a purple draconian scorcher
  6039 | D        | Noticed a lich
  6042 | D        | Killed a green draconian scorcher
  6043 | D        | Reached skill level 10 in Maces & Flails
  6044 | D        | Killed a lich
  6045 | D        | Reached XP level 16. HP: 118/167 MP: 8/29
  6337 | D        | Got the Grimoire of Creation and Beguiling
  6342 | D        | Got the Guide on Changing and Contamination
  6349 | D        | Got the Catalogue of Unholy Arts
  6353 | D        | Got Avvaer's Disquisition on Companions and the Mountains
  6355 | D        | Got the Guide on Burning Creation
  6359 | D        | Got the Papyrus of Doomed Moulding
  6369 | D        | Got the Compendium of Creative Bewitchment
  6385 | D        | Got the ring of Uwemerghu {rF+ Dex+6}
  6387 | D        | Got the amulet of the Heavens {Spirit rN+ Str+2 SInv}
  6389 | D        | Got the amulet "Buicotam" {RegenMP rF+ Str+7}
  6391 | D        | Got the ring "Jamej" {Contam rF- Will++ Dex+10 SInv}
  6393 | D        | Got the ring of Tomorrow {Dex+5 SInv}
  6395 | D        | Got the ring of Kofailid {Wiz rF+ Dex+3}
  6397 | D        | Got the ring "Evecs" {*Slow rElec rN+ Str+6 Int+4}
  6399 | D        | Got the amulet of the Oligarchy {Spirit *Corrode +Inv rC+++
                  | Dex+3}
  6401 | D        | Got the ring "Sonemy" {Fly Will+ Str-4 Int+4 Slay+5}
  6403 | D        | Got the amulet "Guhalula" {Acrobat rPois Str-2 Int+9 Dex-4}
  6405 | D        | Got the ring "Vuikec" {Fire rPois Str-5 Int+4 Dex+7}
  6409 | D        | Got the ring of Warer {rElec rCorr Str+6 Int-5 Dex+5}
  6411 | D        | Got the ring of Viholo {rElec rC- Str+4 SInv Stlth+}
  6413 | D        | Got the amulet "Vynez" {RegenMP rF- rC++}
  6415 | D        | Got the ring of Odin {Int+4 Slay+5}
  6417 | D        | Got the amulet "Qitouna" {Faith Drain Str+4 SInv Stlth+}
  6419 | D        | Got the amulet of Hurueqirr {Faith rF+ rC+}
  6421 | D        | Got the ring of Loka Bil {rPois Str+3}
  6423 | D        | Got the ring of Freedom {rF+ Will+ Str+4 Dex+2 Stlth+}
  6425 | D        | Got the ring of Awe {Will++ Str+8 Int+6 Dex-4 SInv}
  6427 | D        | Got the amulet of Nodghomaff {RegenMP Rampage Fly}
  6429 | D        | Got the ring of Xatehon {rC+ Str+3 Dex+2}
  6431 | D        | Got the ring of Noon {Will+ AC+6 Int+4 Dex-3 SInv}
  6433 | D        | Got the ring "Doilecu" {rElec rF- rC+ AC+6}
  6656 | D        | Noticed a sphinx
  6674 | D        | Killed a sphinx
  6678 | D        | Reached skill level 27 in Shields
  7022 | D        | Noticed Mennas
  7059 | D        | Killed Mennas
  7059 | D        | Noticed a tentacled monstrosity
  7060 | D        | Reached XP level 17. HP: 107/187 MP: 4/32
  7076 | D        | Killed a tentacled monstrosity
  7077 | D        | Reached skill level 27 in Axes
  7317 | D        | Noticed a titan
  7318 | D        | Killed a titan
  7319 | D        | Reached skill level 27 in Fighting
  7319 | D        | Reached skill level 27 in Invocations
  7416 | D        | Got a silver rune of Zot
  7548 | D        | Noticed a Tzitzimitl
  7556 | D        | Noticed a hellephant
  7567 | D        | Killed a Tzitzimitl
  7580 | D        | Killed a hellephant
  7587 | D        | Noticed a quicksilver dragon
  7607 | D        | Killed a quicksilver dragon
  7612 | D        | Reached skill level 15 in Dodging
  7957 | D        | Noticed a deep elf master archer
  7963 | D        | Killed a deep elf master archer
  7964 | D        | Reached XP level 18. HP: 175/200 MP: 34/34
  8091 | D        | Reached skill level 27 in Armour
  8091 | D        | Noticed a curse toe
  8105 | D        | Killed a curse toe
  8438 | D        | Reached skill level 5 in Evocations
  8478 | D        | Noticed a golden dragon
  8491 | D        | Killed a golden dragon
  8697 | D        | Got the ring "Weovuot" {Fly rN+ MP+9 Int-3}
  8703 | D        | Got the ring "Mipeddayru" {Int+6 SInv}
  8705 | D        | Got the ring "Jomec" {rN+ AC+4 Stlth+}
  8707 | D        | Got the ring of the Kangaroo {rPois rF+ SInv}
  8709 | D        | Got the ring "Qiodd" {rPois rC+ AC+4}
  8711 | D        | Got the amulet "Bokk" {Spirit rElec rF- Regen+ Stlth+}
  8713 | D        | Got the ring "Ceoxuuzo" {rN+ Int+3}
  8715 | D        | Got the amulet "Wadiopn" {Reflect rC+ Str+3 SH+5}
  8737 | D        | Got the +2 cloak "Daureug" {Str+3 Slay+3}
  8915 | D        | Identified the +7 morningstar of Pain and Death {protect,
                  | Str+4}
  8917 | D        | Reached skill level 27 in Dodging
  8917 | D        | Reached skill level 1 in Spellcasting
  8917 | D        | Reached skill level 1 in Conjurations
  8917 | D        | Reached skill level 1 in Hexes
  8917 | D        | Reached XP level 19. HP: 179/207 MP: 27/35
  8918 | D        | Found the +7 pair of quick blades "Gyre" and "Gimble"
                  | {protect}
  8919 | D        | Reached skill level 5 in Translocations
  8936 | D        | Identified the +4 lajatang "Hesixt" {distort, *Rage rElec
                  | rF+ Int+4}
  8939 | D        | Found the +4 dagger "Morg" {pain, Will+ Int+5}
  8953 | D        | Got the Catalogue of Damaging Fire
  8995 | D        | Got a golden rune of Zot
  9102 | D        | Noticed a Killer Klown
  9107 | D        | Killed a Killer Klown
  9108 | D        | Reached skill level 5 in Slings
  9108 | D        | Reached skill level 5 in Bows
  9108 | D        | Reached skill level 5 in Crossbows
  9108 | D        | Reached skill level 5 in Earth Magic
  9216 | D        | Noticed a pearl dragon
  9220 | D        | Killed a pearl dragon
  9276 | D        | Noticed an ancient lich
  9282 | D        | Killed an ancient lich
  9283 | D        | Reached skill level 5 in Spellcasting
  9430 | D        | Noticed a pearl dragon
  9434 | D        | Killed a pearl dragon
  9437 | D        | Noticed Khufu
  9444 | D        | Killed Khufu
  9445 | D        | Reached skill level 10 in Long Blades
  9445 | D        | Reached skill level 15 in Maces & Flails
  9445 | D        | Reached XP level 20. HP: 216/216 MP: 36/36
 10155 | D        | Noticed Lom Lobon
 10174 | D        | Killed Lom Lobon
 10175 | D        | Reached skill level 15 in Long Blades
 10230 | D        | Reached skill level 10 in Spellcasting
 10233 | D        | Noticed a royal mummy
 10239 | D        | Killed a royal mummy
 10256 | D        | Noticed a royal mummy
 10258 | D        | Noticed Gloorx Vloq
 10265 | D        | Noticed a pearl dragon
 10267 | D        | Killed a royal mummy
 10270 | D        | Killed a pearl dragon
 10272 | D        | Killed Gloorx Vloq
 10281 | D        | Noticed a pearl dragon
 10293 | D        | Killed a pearl dragon
 10305 | D        | Noticed an ancient lich
 10314 | D        | Killed an ancient lich
 10319 | D        | Noticed a royal mummy
 10321 | D        | Killed a royal mummy
 10322 | D        | Reached skill level 10 in Evocations
 10324 | D        | Noticed Mumair Efra the pandemonium lord
 10347 | D        | Killed Mumair Efra the pandemonium lord
 10348 | D        | Reached XP level 21. HP: 224/224 MP: 16/37
 10393 | D        | Noticed Dissolution
 10398 | D        | Killed Dissolution
 10625 | D        | Found the +3 pair of seven-league boots {Rampage+∞}
 10626 | D        | Got the ring of Xakhlu {Fire Fly rElec rN+ Int+7}
 10630 | D        | Got the amulet of the Lost Continents {rElec Regen+}
 10632 | D        | Got the ring "Plog" {rN+ Dex+6}
 10639 | D        | Got the ring "Funakan" {Ice rPois}
 10641 | D        | Got the ring of Biolei {Fly MP+9}
 10643 | D        | Got the ring "Hohipp" {Will+ MP+9 Str+3 Int-5 SInv}
 10645 | D        | Got the amulet "Heint" {rPois Will+ Regen+ rCorr Stlth+}
 10648 | D        | Got the ring "Epraghooce" {*Slow rN+ Str+4 Dex+3}
 10683 | D        | Got the ring of Summer {rElec rN+ Str+2 Slay+3}
 10686 | D        | Got an iron rune of Zot
 10919 | D        | Found the +4 staff of Dispater
 10919 | D        | Noticed Dispater
 10928 | D        | Reached skill level 27 in Maces & Flails
 10937 | D        | Killed Dispater
 11209 | D        | Noticed an ancient lich
 11210 | D        | Reached skill level 15 in Spellcasting
 11215 | D        | Noticed a curse toe
 11216 | D        | Killed a curse toe
 11219 | D        | Noticed a Killer Klown
 11220 | D        | Killed an ancient lich
 11220 | D        | Noticed Boris
 11230 | D        | Noticed Jory
 11231 | D        | Killed a Killer Klown
 11232 | D        | Killed Jory
 11233 | D        | Killed Boris
 11327 | D        | Noticed Louise
 11328 | D        | Found the +7 sceptre of Asmodeus
 11328 | D        | Noticed Asmodeus
 11329 | D        | Noticed Ereshkigal
 11330 | D        | Killed Louise
 11330 | D        | Noticed a curse toe
 11331 | D        | Reached skill level 27 in Long Blades
 11331 | D        | Reached XP level 22. HP: 107/233 MP: 34/42
 11331 | D        | Killed Pil Ukon the pandemonium lord
 11331 | D        | Killed a curse toe
 11331 | D        | Killed Ereshkigal
 11332 | D        | Reached skill level 15 in Evocations
 11336 | D        | Killed Asmodeus
 11367 | D        | Noticed Margery
 11378 | D        | Killed Margery
 11457 | D        | Noticed Frederick
 11458 | D        | Noticed an orb of fire
 11459 | D        | Noticed an ancient lich
 11459 | D        | Killed Frederick
 11459 | D        | Killed an orb of fire
 11459 | D        | Killed an ancient lich
 11459 | D        | Killed a royal mummy
 11460 | D        | Reached skill level 27 in Necromancy
 11460 | D        | Noticed a royal mummy
 11462 | D        | Killed a royal mummy
 11462 | D        | Noticed Arorotwo the pandemonium lord
 11474 | D        | Killed Arorotwo the pandemonium lord
 11496 | D        | Reached XP level 23. HP: 74/240 MP: 34/50
 11846 | D        | Noticed a curse toe
 11847 | D        | Noticed an ancient lich
 11847 | D        | Noticed an orb of fire
 11847 | D        | Noticed a royal mummy
 11854 | D        | Killed an ancient lich
 11855 | D        | Killed a royal mummy
 11858 | D        | Killed a curse toe
 11859 | D        | Gained mutation: You are clumsy. (Dex -2) [an orb of fire]
 11869 | D        | Killed an orb of fire
 12284 | D        | Got the Orb of Zot
 12456 | D        | Escaped with the Orb!

Illustrated notes

Levels and vault maps discovered:
D:        pitsprint [storerooms_1, entrance_room_1, metal_vault_5, armoury_1,
          mini_pit_1, grid_room_1, main_hall_1, silver_pit, the_coven_2,
          the_vestibule_1, steel_vault_2, golden_pit, hallway_of_sentries,
          crystal_vault_1, iron_vault_2, final_vault]

Skill      XL: |  1  2  3  4  5  6  7  8  9 10 11 12 13 14 15 16 17 18 19 20 21 22 23 |
---------------+----------------------------------------------------------------------+-----
Fighting       | 4 5 6 7 8 9 10 11 12 13 14 16 18 19 21 25 27 | 27.0
Armour         | 4 5 6 7 8 9 10 11 12 13 15 16 18 20 25 27 | 27.0
Shields        | 4 5 6 8 9 10 11 13 15 17 18 20 21 23 25 27 | 27.0
Axes           | 3 5 6 8 10 12 15 16 18 19 20 21 22 26 27 | 27.0
Dodging        | 1 2 3 4 5 6 8 9 16 27 | 27.0
Invocations    | 3 6 9 12 16 18 21 24 27 | 27.0
Evocations     | 1 2 3 6 7 10 14 20 22 | 22.3
Stealth        | 6 11 12 | 12.8
Maces & Flails | 10 11 15 24 27 | 27.0
Short Blades   | 2 4 |  4.9
Slings         | 2 5 |  5.0
Bows           | 2 5 |  5.0
Crossbows      | 2 5 |  5.0
Spellcasting   | 1 7 13 17 24 26 | 26.4
Conjurations   | 1 3 |  3.3
Hexes          | 1 3 |  3.0
Summonings     | 2 4 |  4.4
Necromancy     | 12 19 22 25 27 | 27.0
Translocations | 3 5 |  5.7
Transmutations | 2 4 |  4.3
Fire Magic     | 2 4 |  4.5
Ice Magic      | 2 4 |  4.6
Air Magic      | 2 4 |  4.5
Earth Magic    | 2 5 |  5.0
Poison Magic   | 2 4 |  4.4
Long Blades    | 10 19 27 | 27.0

Action                   |  1- 3 |  4- 6 |  7- 9 | 10-12 | 13-15 | 16-18 | 19-21 | 22-24 || total
-------------------------+-------+-------+-------+-------+-------+-------+-------+-------++-------
Melee: Hand axe          |    27 |    48 |    24 |       |       |       |       |       ||    99
       Headbutt          |     3 |    10 |    16 |    45 |    92 |    81 |    60 |    14 ||   321
       Broad axe         |       |       |    48 |   170 |   220 |   305 |    74 |     6 ||   823
       Morningstar       |       |       |       |       |    23 |       |   108 |    56 ||   187
Invok: Disaster Area     |       |       |       |     5 |    11 |     4 |    16 |     6 ||    42
       Upheaval          |       |       |       |       |     2 |       |       |       ||     2
       Elemental Force   |       |       |       |       |     2 |       |       |       ||     2
Evoke: Wand              |       |       |     3 |       |     5 |     5 |       |     1 ||    14
       Tin of tremorston |       |       |       |       |       |       |     3 |       ||     3
       Piece from Xom's  |       |       |       |       |       |       |     1 |       ||     1
       Phantom mirror    |       |       |       |       |       |       |       |     1 ||     1
  Use: Potion            |     1 |     1 |     2 |     5 |    20 |     8 |    21 |     8 ||    66
       Scroll            |       |       |     1 |     1 |     1 |     9 |       |       ||    12
 Stab: Petrified         |       |       |       |    19 |     8 |       |       |       ||    27
       Petrifying        |       |       |       |     3 |     1 |       |       |       ||     4
       Invisible         |       |       |       |       |    13 |       |       |       ||    13
Armor: Scale mail        |     8 |     1 |       |       |       |       |       |       ||     9
       Chain mail        |       |    16 |     5 |    28 |    60 |       |       |       ||   109
       Plate armour      |       |       |    26 |    15 |       |       |       |       ||    41
       Gold dragon scale |       |       |       |       |    36 |    98 |    85 |     2 ||   221
Dodge: Dodged            |     8 |    10 |    26 |    40 |    50 |    48 |    61 |     5 ||   248
       Repelled          |       |       |       |     1 |     2 |     7 |     4 |     1 ||    15
Block: Kite shield       |    24 |    30 |    91 |   143 |    89 |       |       |       ||   377
       Tower shield      |       |       |       |       |   149 |   446 |   252 |    43 ||   890
       Reflection        |       |       |       |       |       |       |     6 |       ||     6

Table legend: (Time is in decaauts) A = Elapsed time spent in this place. B = Non-inter-level travel time spent in this place. C = Inter-level travel time spent in this place. D = Time resting spent in this place. E = Time spent auto-exploring this place. F = Levels seen in this place. G = Mean time per level. A B C D E F G +--------+--------+--------+--------+--------+-----+--------+ Total | 12145 | 12118 | 27 | 7028 | 350 | 1 | 12145.0 | Dungeon | 12145 | 12118 | 27 | 7028 | 350 | 1 | 12145.0 | +--------+--------+--------+--------+--------+-----+--------+

Top non-repeatable levels by time:
       D: 12145 daAuts
